 Dungeon Crawl Stone Soup version 0.29.1-15-g9cfb28693d (webtiles) character file.

Game seed: 6170662060699647122

737 jedd the Chopper (level 7, -5/61 HPs)
             Began as a Minotaur Fighter on Mar 18, 2023.
             Was an Initiate of Okawaru.
             Slain by a troll (6 damage)
             ... on level 5 of the Dungeon.
             The game lasted 00:05:52 (4417 turns).

jedd the Chopper (Minotaur Fighter)                 Turns: 4417, Time: 00:05:54

Health: -5/61      AC: 14    Str: 23    XL:     7   Next: 46%
Magic:  7/7        EV:  6    Int:  5    God:    Okawaru [......]
Gold:   329        SH:  4    Dex:  9    Spells: 6/6 levels left

rFire   + . .      SeeInvis +   a - +0 war axe
rCold   + . .      Faith    .   c - +0 buckler
rNeg    . . .      Spirit   .   s - +1 plate armour {rF+}
rPois   .          Reflect  .   j - +0 hat
rElec   .          Harm     .   z - +0 cloak
rCorr   .          Rampage  .   (no gloves)
Will    .....                   (no boots)
Stlth   ..........              (no amulet)
HPRegen 0.20/turn               u - ring of protection from cold
MPRegen 0.10/turn               n - ring of see invisible

@: no status effects
A: horns 2, retaliatory headbutt
a: Renounce Religion


You were on level 5 of the Dungeon.
You worshipped Okawaru.
Okawaru was noncommittal.
You visited 2 branches of the dungeon, and saw 6 of its levels.

You collected 329 gold pieces.

Inventory:

Hand Weapons
 a - a +0 war axe (weapon)
 D - a +1 whip of electrocution
Missiles
 B - a throwing net (quivered)
Armour
 b - a +0 scale mail
 c - a +0 buckler (worn)
 j - a +0 hat (worn)
 s - a +1 plate armour of fire resistance (worn)
 z - a +0 cloak (worn)
Jewellery
 n - a ring of see invisible (right hand)
 u - a ring of protection from cold (left hand)
Wands
 x - a wand of paralysis (8)
 E - a wand of roots (2)
Scrolls
 g - 3 scrolls of blinking {unknown}
 i - a scroll of noise {unknown}
 k - a scroll of teleportation {unknown}
 o - 2 scrolls of immolation {unknown}
 p - 2 scrolls of poison {unknown}
 r - 2 scrolls of identify {unknown}
 t - a scroll of magic mapping {unknown}
 v - a scroll of fog {unknown}
 w - a scroll of vulnerability {unknown}
 y - 2 scrolls of torment {unknown}
 A - a scroll of enchant armour {unknown}
 C - a scroll of brand weapon {unknown}
Potions
 d - a potion of might
 e - a potion of degeneration {unknown}
 f - 3 potions of heal wounds {unknown}
 h - a potion of mutation {unknown}
 l - a potion of ambrosia {unknown}
 m - a potion of haste {unknown}
 q - a potion of curing {unknown}


   Skills:
 + Level 5.2 Fighting
 + Level 6.8 Axes
 + Level 5.7 Armour
 + Level 1.3 Dodging
 - Level 0.1 Stealth
 + Level 4.9 Shields
 * Level 1.9 Invocations


You had 6 spell levels left.
You didn't know any spells.
Your spell library contained the following spells:

 Spells                   Type           Power      Damage    Failure   Level
 Apportation              Tloc           0%         N/A       100%        1
 Necrotise                Necr           0%         1d4       100%        1
 Scorch                   Fire           0%         2d5       100%        2
 Flame Wave               Conj/Fire      0%         2d4       100%        4
 Summon Small Mammal      Summ           Unusable   N/A       N/A         1
 Call Canine Familiar     Summ           Unusable   N/A       N/A         3
 Summon Guardian Golem    Hex/Summ       Unusable   N/A       N/A         3
 Summon Cactus Giant      Summ           Unusable   N/A       N/A         6

Dungeon Overview and Level Annotations

Branches:
Dungeon (5/15)             Temple (1/1) D:5

Altars:
Ashenzari
Cheibriados
Dithmenos
Elyvilon
Fedhas
Gozag
Makhleb
Nemelex Xobeh
Okawaru
Qazlal
Ru
Sif Muna
Uskayaw
Vehumet
Wu Jian
Xom
Yredelemnul
Zin
The Shining One


Innate Abilities, Weirdness & Mutations

You have a pair of horns on your head.
You reflexively headbutt those who attack you in melee.


Message History

You are too injured to fight recklessly!
You are too injured to fight recklessly!
You are too injured to fight recklessly!
You are too injured to fight recklessly!
You are too injured to fight recklessly!
You are too injured to fight recklessly!
You are too injured to fight recklessly!
You are too injured to fight recklessly!
You are too injured to fight recklessly!
You are too injured to fight recklessly!
You are too injured to fight recklessly!
You are too injured to fight recklessly!
You are too injured to fight recklessly!
You are too injured to fight recklessly!
You are too injured to fight recklessly!
You are too injured to fight recklessly!
You are too injured to fight recklessly!
You are too injured to fight recklessly!
You are too injured to fight recklessly!
You are too injured to fight recklessly!
You slash the troll! Your headbutt misses the troll.
The troll is moderately wounded.
The troll barely misses you. You furiously retaliate!
You headbutt the troll, but do no damage.
The troll claws you. The troll claws you but does no damage.
You hit the troll but do no damage.
The troll is moderately wounded.
The troll barely misses you. x2; You block the troll's attack.
You closely miss the troll. Your headbutt misses the troll.
The troll is moderately wounded.
The troll bites you. You block the troll's attack. The troll claws you.
* * * LOW HITPOINT WARNING * * *
You hit the troll. You headbutt the troll!
The troll is severely wounded.
The troll bites you!
* * * LOW HITPOINT WARNING * * *
You block the troll's attack. The troll barely misses you. The troll bites you.
* * * LOW HITPOINT WARNING * * *
The troll claws you.
You die...

######### ###
##.T.....#
..# #$@# ..#
##.# ..#
#.#### ..#
##.#.## ..#
#.#.#.##
..########
######.#
##.......#
###.#.#.##..#
.#.......#
##..))......#
.#.......#
#..##########


You could see a troll.

Vanquished Creatures
  A black bear (D:4)
  An ogre (D:4)
  A kobold brigand (D:4)
  2 necrophages (D:5)
  A hound (D:5)
  A gnoll bouda (D:5)
  An orc priest (D:3)
  An iguana (D:4)
  6 adders
  9 gnolls (D:5)
  3 worms
  2 dart slugs
  8 orcs
  8 endoplasms
  4 giant cockroaches
  5 hobgoblins
  10 jackals
  21 kobolds
  A quokka (D:2)
  5 ball pythons
  7 bats
  4 goblins
  6 rats
108 creatures vanquished.

Vanquished Creatures (others)
  8 plants (D:4)
8 creatures vanquished.

Grand Total: 116 creatures vanquished

Notes
Turn   | Place    | Note
-------+----------+-------------------------------------------
     0 | D:1      | jedd the Minotaur Fighter began the quest for the Orb.
     0 | D:1      | Reached XP level 1. HP: 19/19 MP: 0/0
    75 | D:1      | You fall into a shaft and drop 1 floor!
   198 | D:2      | Reached XP level 2. HP: 27/27 MP: 1/1
   453 | D:2      | Reached skill level 3 in Axes
   453 | D:2      | Reached XP level 3. HP: 22/33 MP: 2/2
   779 | D:2      | Found a broken altar of Ashenzari.
  1009 | D:3      | Reached XP level 4. HP: 34/40 MP: 3/3
  1031 | D:3      | Reached skill level 4 in Axes
  1310 | D:3      | Found a faded altar of an unknown god.
  1543 | D:3      | Reached XP level 5. HP: 46/47 MP: 4/4
  2197 | D:4      | Noticed a black bear
  2201 | D:4      | Killed a black bear
  2202 | D:4      | Reached skill level 5 in Axes
  2202 | D:4      | Reached skill level 1 in Dodging
  2207 | D:4      | Noticed an ogre
  2213 | D:4      | Killed an ogre
  2214 | D:4      | Reached skill level 5 in Armour
  2214 | D:4      | Reached XP level 6. HP: 9/53 MP: 5/5
  2742 | D:4      | Reached skill level 6 in Axes
  3273 | D:5      | Entered Level 5 of the Dungeon
  3362 | D:5      | Found a staircase to the Ecumenical Temple.
  3373 | Temple   | Entered the Ecumenical Temple
  3501 | Temple   | Became a worshipper of Warmaster Okawaru
  3546 | D:5      | Reached skill level 5 in Fighting
  3546 | D:5      | Reached XP level 7. HP: 51/61 MP: 6/6
  3752 | D:5      | Reached skill level 1 in Invocations
  4085 | D:5      | Found a stormy altar of Qazlal.
  4409 | D:5      | Noticed a troll
  4417 | D:5      | HP: 3/61 [troll (13)]
  4417 | D:5      | HP: 1/61 [troll (2)]
  4417 | D:5      | Slain by a troll

Illustrated notes

Levels and vault maps discovered:
D:1:      lightli_arrival_farm, layout_basic
D:2:      layout_basic, basic_altar
D:3:      minmay_spotlight, layout_loops_ring, nicolae_ecumenical_lake_church,
          kennysheep_big_empty_room, minmay_checkerbox
D:4:      kennysheep_kobold_camp, layout_basic
D:5:      layout_gridville, amcnicky_altar_gilded, minmay_temple_entry_tees,
          minmay_small_thing
Temple:   mainiacjoe_temple_archimedes_tessellation

Skill      XL: |  1  2  3  4  5  6  7 |
---------------+----------------------+-----
Armour         | 4 5 |  5.7
Fighting       | 4 5 |  5.2
Shields        | 4 |  4.9
Axes           | 3 4 5 6 |  6.8
Dodging        | 1 |  1.3
Invocations    | 1 |  1.9
Stealth        | |  0.1

Action                   |  1- 3 |  4- 6 |  7- 9 || total
-------------------------+-------+-------+-------++-------
Melee: War axe           |    58 |   107 |    31 ||   196
       Headbutt          |     6 |    15 |    10 ||    31
  Use: Potion            |       |     1 |       ||     1
Armor: Scale mail        |    27 |    18 |       ||    45
       Plate armour      |       |    39 |    29 ||    68
Dodge: Dodged            |    25 |    34 |    14 ||    73
Block: Buckler           |    16 |    25 |    12 ||    53
